 Dungeon Crawl Stone Soup version 0.23-a0-49-gd9f7a49 (webtiles) character file.

45 Mgcat the Skirmisher (level 3, 0/33 HPs)
             Began as a Ghoul Berserker on Aug 7, 2018.
             Was a Follower of Trog.
             Slain by a worm (1 damage)
             ... on level 2 of the Dungeon.
             The game lasted 00:01:27 (513 turns).

Mgcat the Skirmisher (Ghoul Berserker)               Turns: 513, Time: 00:01:28

Health: 0/33       AC:  6    Str: 20    XL:     3   Next: 64%
Magic:  2/2        EV: 10    Int:  3    God:    Trog [*.....]
Gold:   72         SH:  0    Dex:  8    Spells: 2/2 levels left

rFire    . . .     SeeInvis .     - Unarmed
rCold    + . .     Gourm    .   (no shield)
rNeg     + + +     Faith    .   i - +0 scale mail
rPois    ∞         Spirit   .   (no helmet)
rElec    .         Reflect  .   (no cloak)
rCorr    .         Harm     .   (no gloves)
MR       .....                  (no boots)
Stlth    ..........             (no amulet)
HPRegen  0.00/turn              d - ring of attention (curse)
MPRegen  0.08/turn              (no ring)

@: rotting
A: rotting body, claws 1, carnivore, cold resistance 1, negative energy
resistance 3, inhibited regeneration, torment resistance, unbreathing
a: Renounce Religion


You were on level 2 of the Dungeon.
You worshipped Trog.
Trog was aware of your devotion.
You were not hungry.

You visited 1 branch of the dungeon, and saw 2 of its levels.

You collected 72 gold pieces.

Inventory:

Armour
 i - a +0 scale mail (worn)
   (You found it on level 1 of the Dungeon)
Jewellery
 d - a cursed ring of attention (left claw)
   (You found it on level 1 of the Dungeon)
Scrolls
 c - a scroll of remove curse {unknown}
 e - a scroll of immolation {unknown}
 f - a scroll of enchant armour {unknown}
 h - 3 scrolls of teleportation {unknown}
 k - a scroll of identify {unknown}
 l - a scroll of magic mapping {unknown}
Potions
 a - a potion of haste {unknown}
 g - 2 potions of degeneration {unknown}
Comestibles
 b - a ration
 j - a chunk of flesh {@w0}


   Skills:
 + Level 4.2 Fighting
 - Level 1.7 Armour
 - Level 1.7 Dodging
 + Level 4.2 Unarmed Combat


You had 2 spell levels left.
You didn't know any spells.
Your spell library was empty.

Dungeon Overview and Level Annotations

Branches:
Dungeon (1/15)

Altars:


Innate Abilities, Weirdness & Mutations

Your body is rotting away.
You thrive on raw meat.
You are immune to poison.
You have sharp fingernails.
You are carnivorous and can eat meat at any time.
Your flesh is cold resistant. (rC+)
You are immune to negative energy. (rN+++)
You do not regenerate when monsters are visible.
You are immune to unholy pain and torment.
You can survive without breathing.


Message History

Unknown command.
You closely miss the adder. Your claw misses the adder.
The adder bites you but does no damage. The adder barely misses you.
You completely miss the adder. The adder bites you but does no damage.
You scratch the adder.
The adder is lightly wounded.
The adder closely misses you.
You scratch the adder but do no damage.
The adder is lightly wounded.
The adder closely misses you.
You barely miss the adder.
The adder is lightly wounded.
The adder bites you. The adder completely misses you.
You closely miss the adder.
The adder is lightly wounded.
The adder barely misses you.
You closely miss the adder.
The adder is lightly wounded.
The adder closely misses you.
You claw the adder!
The adder is almost dead.
The adder bites you.
You closely miss the adder.
The adder is almost dead.
The adder bites you but does no damage.
You claw the adder!
You kill the adder!
Trog accepts your kill.
Your Fighting skill increases to level 4!
Your Unarmed Combat skill increases to level 4!
You have reached level 3!
Your experience leads to an increase in your attributes!
Increase (S)trength, (I)ntelligence, or (D)exterity?
You feel stronger.
You barely miss the hobgoblin.
The hobgoblin hits you but does no damage.
You scratch the hobgoblin.
The hobgoblin is moderately wounded.
The hobgoblin closely misses you.
You completely miss the hobgoblin.
The hobgoblin is moderately wounded.
The hobgoblin barely misses you.
You scratch the hobgoblin.
You kill the hobgoblin!
Trog accepts your kill.
You closely miss the adder. The adder closely misses you. The adder bites you.
You barely miss the adder. The adder bites you but does no damage.
You completely miss the adder. The adder bites you.
You claw the adder!
The adder is almost dead.
The adder barely misses you.
You completely miss the adder.
The adder is almost dead.
The adder bites you.
You miss the adder.
The adder is almost dead.
The adder bites you but does no damage. The adder misses you.
You barely miss the adder.
The adder is almost dead.
The adder closely misses you.
You claw the adder!
You kill the adder!
Trog accepts your kill. The leopard gecko bites you.
You closely miss the leopard gecko. The leopard gecko bites you.
You claw the leopard gecko!
You kill the leopard gecko!
Trog accepts your kill. The goblin hits you but does no damage.
Items here: ††††† a leopard gecko corpse; an adder corpse x3; a kobold corpse You scratch the goblin.
The goblin is moderately wounded.
The goblin hits you.
You closely miss the goblin.
The goblin is moderately wounded.
The goblin closely misses you.
You closely miss the goblin.
The goblin is moderately wounded.
The goblin hits you.
* * * LOW HITPOINT WARNING * * *
You scratch the goblin.
You kill the goblin!
Trog accepts your kill. The worm bites you!
* * * LOW HITPOINT WARNING * * *
You scratch the worm.
The worm is lightly wounded.
The worm closely misses you.
You completely miss the worm.
The worm is lightly wounded.
You barely miss the worm.
The worm is lightly wounded.
The worm closely misses you.
You claw the worm!
The worm is heavily wounded.
You scratch the worm.
The worm is heavily wounded.
The worm bites you.
You die...

### ..# #### # #.###...
... #.....###
#....#######.#......
........†@w......... ..
##...#######.########.##
#. ####..(........#
.......g..........
.......##..####..
##.##.###..#
...##.###(.####.
......†..........
.............##..


You could see a worm.

Vanquished Creatures
  3 adders (D:2)
  An ooze (D:1)
  A leopard gecko (D:2)
  A giant cockroach (D:1)
  2 goblins
  A hobgoblin (D:2)
  3 bats (D:1)
  3 frilled lizards
  2 kobolds
17 creatures vanquished.

Notes
Turn   | Place    | Note
-------+----------+-------------------------------------------
     0 | D:1      | Mgcat the Ghoul Berserker began the quest for the Orb.
     0 | D:1      | Reached XP level 1. HP: 19/19 MP: 0/0
   315 | D:1      | Reached XP level 2. HP: 23/26 MP: 1/1
   449 | D:1      | You fall through a shaft!
   488 | D:2      | Reached skill level 4 in Fighting
   488 | D:2      | Reached skill level 4 in Unarmed Combat
   488 | D:2      | Reached XP level 3. HP: 22/33 MP: 2/2
   506 | D:2      | HP: 8/33 [goblin (3)]
   508 | D:2      | HP: 1/33 [worm (7)]
   513 | D:2      | Slain by a worm

Vault maps used:
D:1:      dpeg_arrival_pits, minmay_misc_feat_tiny, serial_park_tiny_2
D:2:      lemuel_round_altar, grunt_decor_arrowhead, grunt_ashenzari_visionary

Skill      XL: |  1  2 |
---------------+-------+-----
Fighting       | 4 |  4.2
Unarmed Combat | 4 |  4.2
Armour         | |  1.7
Dodging        | |  1.7

Action                   || total
-------------------------++-------
Melee: Unarmed           ||    85
  Eat: Chunk             ||     2
Armor: Scale mail        ||    26
       Animal skin       ||     7
Dodge: Dodged            ||    54

Table legend:
 A = Spawn XP
 B = Non-spawn XP
 C = Spawn XP percentage of total XP
 D = Spawn monster count
 E = Non-spawn monster count
 F = Spawn count percentage of total count
 G = Total turns spent on level
                    A         B        C        D         E        F      G
               +---------+---------+-------+---------+---------+-------+---------
         Total |       0 |      65 |   0.0 |       0 |      17 |   0.0 |   513
               +---------+---------+-------+---------+---------+-------+---------
           D:1 |       0 |      18 |   0.0 |       0 |       9 |   0.0 |   449
           D:2 |       0 |      47 |   0.0 |       0 |       8 |   0.0 |    64
               +---------+---------+-------+---------+---------+-------+---------

Vault maps used:
D:1:      dpeg_arrival_pits, minmay_misc_feat_tiny, serial_park_tiny_2
D:2:      lemuel_round_altar, grunt_decor_arrowhead, grunt_ashenzari_visionary

Table legend:
 A = Turns spent in this place as a percentage of turns spent in the entire game.
 B = Non-inter-level travel turns spent in this place as a percentage of non-inter-level travel turns spent in the entire game.
 C = Inter-level travel turns spent in this place as a percentage of turns spent in this place.
 D = Turns resting spent in this place as a percentage of non-inter-level travel turns spent in this place.
 E = Turns spent auto-exploring this place as a percentage of non-inter-level travel turns spent in this place.
 F = Non-inter-level travel turns spent in this place divided by the number of levels of this place that you've seen.
                   A       B       C       D       E      F
               +-------+-------+-------+-------+-------+----------------------
         Total | 100.0 | 100.0 |   0.0 |   0.0 |  70.8 | 256.5
       Dungeon | 100.0 | 100.0 |   0.0 |   0.0 |  70.8 | 256.5
               +-------+-------+-------+-------+-------+----------------------

Table legend:
 A = Kills in this place as a percentage of kills in entire the game.
 B = Kills by you in this place as a percentage of kills by you in the entire game.
 C = Kills by friends in this place as a percentage of kills by friends in the entire game.
 D = Other kills in this place as a percentage of other kills in the entire game.
 E = Experience gained in this place as a percentage of experience gained in the entire game.
 F = Experience gained in this place divided by the number of levels of this place that you have seen.
                   A       B       C       D       E      F
               +-------+-------+-------+-------+-------+----------------------
         Total | 100.0 | 100.0 |   N/A |   N/A | 100.0 |  32.5
       Dungeon | 100.0 | 100.0 |   N/A |   N/A | 100.0 |  32.5
               +-------+-------+-------+-------+-------+----------------------
